 Dungeon Crawl Stone Soup version 0.19-a0-1803-g97ff39f (webtiles) character file.

1874 Proteus the Unseen (level 8, -4/39 HPs)
             Began as a Spriggan Assassin on Oct 5, 2016.
             Was a Believer of Okawaru.
             Slain by Duvessa
             ... wielding a +0 rapier
              (7 damage)
             ... on level 7 of the Dungeon.
             The game lasted 00:26:20 (11561 turns).

Proteus the Unseen (Spriggan Assassin)             Turns: 11561, Time: 00:26:21

Health: -4/39      AC:  6    Str: 12    XL:     8   Next: 91%
Magic:  9/9        EV: 23    Int: 13    God:    Okawaru [**....]
Gold:   313        SH:  0    Dex: 21    Spells: 0 memorised, 7 levels left

rFire  . . .     SeeInvis +     a - +2 dagger
rCold  . . .     Gourm    .     c - +0 robe
rNeg   . . .     Faith    .     (shield restricted)
rPois  .         Spirit   .     (helmet restricted)
rElec  .         Dismiss  .     d - +1 cloak
rCorr  +         Reflect  .     (gloves unavailable)
MR     +....     Harm     .     (boots unavailable)
Stlth  ++++++....               (no amulet)
                                y - ring of resist corrosion
                                B - +3 ring of evasion

@: mighty, very slightly contaminated, hasted, drained, very quick
A: unfitting armour, molten scales 1, see invisible, agile 1, deterioration 1,
herbivore 3, speed 3, slow metabolism 2
a: Heroism, Renounce Religion


You were on level 7 of the Dungeon.
You worshipped Okawaru.
Okawaru was pleased with you.
You were not hungry.

You visited 1 branch of the dungeon, and saw 7 of its levels.
You also visited: Ossuary.

You collected 313 gold pieces.

Inventory:

Hand Weapons
 a - a +2 dagger (weapon)
 b - a +1 blowgun
Missiles
 e - 2 poisoned needles
Armour
 c - a +0 robe (worn)
 d - a +1 cloak (worn)
Jewellery
 r - an uncursed ring of protection from fire
 y - a ring of resist corrosion (right hand)
 B - a +3 ring of evasion (left hand)
Wands
 x - a wand of acid (10/15)
Scrolls
 f - 3 scrolls of remove curse
 h - a scroll of fog
 j - 6 scrolls of magic mapping
 o - 3 scrolls of teleportation
 q - 2 scrolls of amnesia
 A - 3 scrolls of fear
Potions
 l - a potion of lignification
 n - a potion of agility {unknown}
 p - 2 potions of flight
 s - a potion of magic {unknown}
 v - a potion of haste
 w - 2 potions of brilliance {unknown}
 z - a potion of invisibility {unknown}
 D - a potion of cancellation {unknown}
 F - a potion of berserk rage {unknown}
Comestibles
 g - 4 bread rations


   Skills:
 + Level 2.8(2.7) Fighting
 + Level 3.9(3.8) Short Blades
 + Level 3.4(3.2) Throwing
 + Level 4.3(4.2) Dodging
 * Level 15.4(15.2) Stealth


You had 7 spell levels left.
You didn't know any spells.

Dungeon Overview and Level Annotations

Branches:
Dungeon (7/15)
 Temple: D:4-7

Altars:
Ashenzari
Gozag
Hepliaklqana
Makhleb
Okawaru
Trog
Uskayaw
Vehumet
Xom
The Shining One

Annotations:
D:5 Grinder
D:6 cortexin's ghost, novice SpAK
D:7 Duvessa


Innate Abilities, Weirdness & Mutations

You are very small and have problems with some larger weapons.
You are too small for most types of armour.
You have supernaturally acute eyesight. (SInv)
You are a herbivore.
You cover ground extremely quickly.
You need consume almost no food.
You are partially covered in molten scales. (AC +2)
You are agile. (Dex +2)
Your body sometimes deteriorates upon taking damage.


Message History

You shoot a poisoned needle. The poisoned needle hits Duvessa!
Duvessa looks as sick as possible!
Duvessa is heavily wounded.
Firing (i - inventory):
e - 3 poisoned needles (quivered)
Press: ? - help, Shift-Dir - straight line, f/p - Duvessa
Aim: Duvessa, wielding a rapier (severely wounded, berserk, fast, unusually strong, poisoned)
You shoot a poisoned needle. The poisoned needle hits Duvessa.
Duvessa looks as sick as possible!
Duvessa is severely wounded.
Wield which item (- for none, * to show all)? (? for menu, Esc to quit)
a - a +2 dagger (weapon)
You are too injured to fight recklessly!
You puncture Duvessa!
Duvessa is severely wounded.
Duvessa hits you with a rapier.
* * * LOW HITPOINT WARNING * * *
You barely miss Duvessa.
Duvessa is almost dead.
Duvessa hits you with a rapier!
You die...

#........#
#........#
######'###+#####
#........... ..
#.(......... ...
+.(.........
....##.e.........
#....########.
#....#....e@#
#....(((....#
#....#......#
#....##..#.<#
#############


You could see Duvessa (berserk).

Vanquished Creatures
  The ghost of Banto the Slasher, an amateur HESk (Ossuary)
  An ice beast (D:6)
  A phantom (D:4)
  3 ogres
  A centaur (D:6)
  2 bullfrogs (D:6)
  3 water moccasin zombies (Ossuary)
  Dowan (D:7)
  A scorpion (D:4)
  3 wights (D:6)
  A howler monkey (D:4)
  A crimson imp (D:5)
  A centaur zombie (D:5)
  A bullfrog zombie (D:5)
  2 orc priests
  A bullfrog skeleton (D:6)
  An iron imp (D:5)
  4 worker ants
  2 orc wizards (D:5)
  3 big kobold zombies (Ossuary)
  2 mummies (Ossuary)
  A worker ant zombie (D:6)
  5 gnolls
  6 adders
  2 oozes
  5 adder zombies (Ossuary)
  3 worms (D:3)
  2 dart slugs
  5 leopard geckos
  6 orcs
  6 giant cockroaches
  3 hobgoblins
  6 jackals
  4 quokkas
  14 bats
  5 frilled lizards
  5 gnoll zombies (Ossuary)
  6 goblins
  A goblin skeleton (D:5)
  A goblin zombie (D:5)
  5 hobgoblin zombies
  8 kobolds
  A kobold zombie (Ossuary)
  2 orc skeletons (D:5)
  7 orc zombies
  6 rats
151 creatures vanquished.

Notes
Turn   | Place    | Note
-------+----------+-------------------------------------------
     0 | D:1      | Proteus the Spriggan Assassin began the quest for the Orb.
     0 | D:1      | Reached XP level 1. HP: 10/10 MP: 2/2
   131 | D:1      | Reached skill level 6 in Stealth
   242 | D:1      | Reached XP level 2. HP: 12/14 MP: 3/3
   392 | D:1      | Reached skill level 7 in Stealth
   653 | D:1      | Reached XP level 3. HP: 18/18 MP: 4/4
  1504 | D:2      | Reached skill level 8 in Stealth
  1806 | D:2      | Found a shattered altar of Ashenzari.
  1887 | D:2      | Reached XP level 4. HP: 22/22 MP: 5/5
  2404 | D:3      | Reached skill level 9 in Stealth
  2717 | D:3      | Found an opulent altar of Gozag.
  2732 | D:3      | Reached XP level 5. HP: 18/25 MP: 6/6
  3006 | D:3      | Found an iron altar of Okawaru.
  3168 | D:3      | Became a worshipper of Warmaster Okawaru
  3249 | D:3      | Reached skill level 10 in Stealth
  4050 | D:4      | Noticed an ogre
  4051 | D:4      | Killed an ogre
  4051 | D:4      | Reached skill level 11 in Stealth
  4051 | D:4      | Reached XP level 6. HP: 30/30 MP: 7/7
  4063 | D:4      | Found a sand-covered staircase.
  4073 | Ossuary  | Entered an ossuary
  4641 | Ossuary  | Reached skill level 12 in Stealth
  5483 | Ossuary  | Noticed Banto's ghost (amateur HESk)
  5511 | Ossuary  | Killed Banto's ghost
  5511 | Ossuary  | Reached XP level 7. HP: 14/33 MP: 8/8
  6072 | Ossuary  | Reached skill level 13 in Stealth
  7637 | D:4      | Reached skill level 14 in Stealth
  7688 | D:4      | Found a hazy altar of Hepliaklqana.
  7688 | D:4      | Found a burning altar of Makhleb.
  7688 | D:4      | Found a hide-covered altar of Uskayaw.
  7688 | D:4      | Found an iron altar of Okawaru.
  7695 | D:4      | Found a bloodstained altar of Trog.
  7699 | D:4      | Found a radiant altar of Vehumet.
  7775 | D:5      | Entered Level 5 of the Dungeon
  8310 | D:4      | HP: 1/33 [scorpion (10)]
  8333 | D:4      | Reached XP level 8. HP: 15/38 MP: 9/9
  8971 | D:5      | Found a glowing golden altar of the Shining One.
  9089 | D:5      | Reached * piety under Okawaru
  9608 | D:5      | Noticed Grinder
  9692 | D:6      | Found a shimmering altar of Xom.
  9817 | D:6      | Noticed cortexin's ghost (novice SpAK)
 10294 | D:6      | Reached skill level 15 in Stealth
 10330 | D:6      | Gained mutation: Your body sometimes deteriorates upon taking damage. [potion of mutation]
 10330 | D:6      | Gained mutation: You are partially covered in molten scales. (AC +2) [potion of mutation]
 10330 | D:6      | Gained mutation: You are agile. (Dex +2) [potion of mutation]
 11163 | D:6      | Reached ** piety under Okawaru
 11506 | D:7      | Noticed Dowan
 11519 | D:7      | Noticed Duvessa
 11526 | D:7      | Killed Dowan
 11561 | D:7      | Slain by Duvessa

Vault maps used:
D:1:      dpeg_arrival_water_temple_mockup, st_stairs_9, hangedman_decor_lopped,
          grunt_decor_arrowhead
D:2:      first_bread, ashenzari_altar_1
D:3:      nicolae_overflow_crystal_walls, okawaru_ov_weapons_minmay
D:4:      minmay_overflow_temple_hex, chequers_ossuary_entry_cave
D:5:      nicolae_tso_besieged_by_evil, uniq_grinder
D:6:      lemuel_doored_altar
D:7:      fedhas_bush_and_centaur_altar, grunt_ministairs_8,
          small_statue_intersection, hex_medium, uniq_duvessa,
          uniq_prince_ribbit1
Ossuary:  ossuary_tomb_2

Skill      XL: |  1  2  3  4  5  6  7  8 |
---------------+-------------------------+-----
Stealth        | 6 7 8 9 11 12 14 15 | 15.4
Dodging        | 4 |  4.3
Fighting       | 2 |  2.8
Short Blades   | 3 |  3.9
Throwing       | 3 |  3.4

Action                   |  1- 3 |  4- 6 |  7- 9 || total
-------------------------+-------+-------+-------++-------
Melee: Dagger            |   121 |   254 |   502 ||   877
 Fire: Blowgun           |     5 |    13 |    42 ||    60
  Use: Scroll            |     7 |     2 |     6 ||    15
       Potion            |       |     2 |    12 ||    14
 Stab: Sleeping          |    17 |    18 |    17 ||    52
       Distracted        |       |     3 |     1 ||     4
  Eat: Bread ration      |       |     1 |       ||     1
       Fruit             |       |       |     2 ||     2
       Royal jelly       |       |       |     1 ||     1
Armor: Robe              |    14 |    33 |    35 ||    82
       Skin              |       |    18 |    13 ||    31
Dodge: Dodged            |    82 |   144 |   344 ||   570
